 Dungeon Crawl Stone Soup version 0.20-a0-1117-g62da73f (webtiles) character file.

2573 Mesmaeker13 the Artisan of Death (level 9, -3/68 HPs)
             Began as a Human Necromancer on May 9, 2017.
             Was a Priest of Kikubaaqudgha.
             Slain by a vampire mosquito (5 damage)
             ... on level 8 of the Dungeon.
             The game lasted 00:32:31 (9216 turns).

Mesmaeker13 the Artisan of Death (HuNe)             Turns: 9216, Time: 00:32:32

Health: -3/68      AC:  4    Str: 10    XL:     9   Next: 87%
Magic:  21/24      EV: 16    Int: 22    God:    Kikubaaqudgha [***...]
Gold:   358        SH:  0    Dex: 13    Spells: 4/16 levels left

rFire    . . .     SeeInvis .   B - +1 mace of Ettumi Pafe {crush, MP+9 Int+4} (curse)
rCold    . . .     Gourm    .   (no shield)
rNeg     . . .     Faith    .   a - +0 robe
rPois    .         Spirit   .   v - +0 helmet
rElec    .         Reflect  .   (no cloak)
rCorr    .         Harm     .   o - +0 pair of gloves
MR       .....                  (no boots)
Stlth    ++........             e - amulet of regeneration
Regen    0.7/turn               (no ring)
MPRegen  0.2/turn               (no ring)

@: no status effects
A: no striking features
a: Receive Corpses, Renounce Religion


You were on level 8 of the Dungeon.
You worshipped Kikubaaqudgha.
Kikubaaqudgha was most pleased with you.
You were not hungry.

You visited 2 branches of the dungeon, and saw 9 of its levels.

You collected 358 gold pieces.

Inventory:

Hand Weapons
 B - the cursed +1 mace of Ettumi Pafe (weapon) {crush, MP+9 Int+4}
   (You found it on level 5 of the Dungeon)

   It inflicts extra damage upon your enemies.
   It affects your intelligence (+4).
   It affects your magic capacity (+9).
   It has a curse placed upon it.
Missiles
 d - 39 poisoned needles
Armour
 a - a +0 robe (worn)
 o - a +0 pair of gloves (worn)
 v - a +0 helmet (worn)
Magical Staves
 F - an uncursed staff of wizardry {unknown}
Jewellery
 e - an amulet of regeneration (around neck)
 p - a +4 ring of intelligence {unknown}
Wands
 j - a wand of paralysis (4/24)
 E - a wand of iceblast (0/15)
Scrolls
 h - a scroll of random uselessness {unknown}
 k - 2 scrolls of immolation
 l - 3 scrolls of enchant armour
 q - 2 scrolls of recharging
 t - a scroll of enchant weapon
 G - a scroll of identify
 I - 2 scrolls of magic mapping
Potions
 f - a potion of mutation {unknown}
 g - 4 potions of curing
 m - a potion of flight
 s - 2 potions of magic {unknown}
 u - 2 potions of heal wounds
 x - a potion of might {unknown}
 z - a potion of agility {unknown}
Books
 b - a book of Necromancy

   Spells                             Type                      Level
   a - Pain                           Necromancy                   1
   b - Animate Skeleton               Necromancy                   1
   c - Vampiric Draining              Necromancy                   3
   d - Regeneration                   Charms/Necromancy            3
   e - Animate Dead                   Necromancy                   4
   f - Control Undead                 Necromancy                   4
 i - a book of Battle

   Spells                             Type                      Level
   a - Infusion                       Charms                       1
   b - Shroud of Golubria             Charms/Translocation         2
   c - Song of Slaying                Charms                       2
   d - Spectral Weapon                Hexes/Charms                 3
   e - Regeneration                   Charms/Necromancy            3
 n - a book of Minor Magic

   Spells                             Type                      Level
   a - Magic Dart                     Conjuration                  1
   b - Blink                          Translocation                2
   c - Call Imp                       Summoning                    2
   d - Slow                           Hexes                        2
   e - Conjure Flame                  Conjuration/Fire             3
   f - Mephitic Cloud                 Conjuration/Poison/Air       3
 r - Kikubaaqudgha's Collected Works on Evil Arts
   (Kikubaaqudgha gifted it to you on level 4 of the Dungeon)

   Spells                             Type                      Level
   a - Pain                           Necromancy                   1
   b - Corpse Rot                     Necromancy                   2
   c - Sublimation of Blood           Necromancy                   2
   d - Regeneration                   Charms/Necromancy            3
   e - Control Undead                 Necromancy                   4
 y - a book of Geomancy

   Spells                             Type                      Level
   a - Sandblast                      Earth                        1
   b - Passwall                       Transmutation/Earth          2
   c - Stone Arrow                    Conjuration/Earth            3
   d - Petrify                        Transmutation/Earth          4
   e - Lee's Rapid Deconstruction     Earth                        5
 H - Kikubaaqudgha's Compendium of Sinister Rituals
   (Kikubaaqudgha gifted it to you on level 7 of the Dungeon)

   Spells                             Type                      Level
   a - Bolt of Draining               Conjuration/Necromancy       5
   b - Agony                          Necromancy                   5
   c - Cigotuvi's Embrace             Necromancy                   5
   d - Dispel Undead                  Necromancy                   5
   e - Simulacrum                     Ice/Necromancy               6
Comestibles
 c - 4 bread rations
 w - 4 fruits
 A - 4 royal jellies
 D - 3 meat rations


   Skills:
 + Level 5.2 Fighting
 + Level 7.6 Dodging
 - Level 2.0 Stealth
 - Level 4.0 Spellcasting
 - Level 2.0 Conjurations
 + Level 8.6 Necromancy


You had 4 spell levels left.
You knew the following spells:

 Your Spells              Type           Power        Failure   Level  Hunger
a - Pain                  Necr           ####         1%          1    None
b - Animate Skeleton      Necr           N/A          1%          1    None
c - Vampiric Draining     Necr           #####.....   1%          3    ###....
d - Corpse Rot            Necr           N/A          1%          2    #......
e - Magic Dart            Conj           ##..         4%          1    None
f - Animate Dead          Necr           N/A          3%          4    ####...


Dungeon Overview and Level Annotations

Branches:
Dungeon (8/15)             Temple (1/1) D:6
   Lair: D:8-11

Altars:
Ashenzari
Cheibriados
Dithmenos
Elyvilon
Fedhas
Gozag
Hepliaklqana
Kikubaaqudgha
Makhleb
Nemelex Xobeh
Okawaru
Qazlal
Ru
Sif Muna
Trog
Uskayaw
Vehumet
Wu Jian
Xom
Yredelemnul
The Shining One

Annotations:
D:8 alfred1011's ghost, novice MiBe


Message History

The vampire mosquito bites you.
The vampire mosquito draws strength from your injuries!
The vampire mosquito closely misses you.
The vampire mosquito bites you.
The vampire mosquito draws strength from your injuries!
The vampire mosquito bites you!
The vampire mosquito draws strength from your injuries!
The vampire mosquito closely misses you.
The vampire mosquito bites you!
* * * LOW HITPOINT WARNING * * *
The vampire mosquito draws strength from your injuries!
There is a stone staircase leading up, spattered with blood here.
The vampire mosquito completely misses you.
The vampire mosquito bites you!
* * * LOW HITPOINT WARNING * * *
The vampire mosquito draws strength from your injuries!
The vampire mosquito closely misses you.
The vampire mosquito bites you.
You die...
Kikubaaqudgha rasps: "You have failed me!
Welcome... death!"

############.# #.# #.#
#.#######
###########.#...).#
#...........#.....#
#.......(####.....#
##........####.....#####
.............#..@(.......#
..............[yyy........
...................###.#.#
## ###................#
#.#.#.. #................#
.#.#.
######.......##.........
#.....#O##.######o#
#.....#o.#.#...8#)#
#.....##.#.#..###O#


You could see a two-headed ogre, 3 vampire mosquitoes and an orc priest.

Vanquished Creatures
  2 humans (D:8)
  An orc warrior (D:6)
  A sky beast (D:7)
  An ice beast (D:6)
  3 ogres
  2 centaurs
  3 bullfrogs
  2 scorpions
  6 killer bees (D:8)
  A howler monkey (D:4)
  A centaur zombie (D:7)
  3 crimson imps
  2 orc priests
  3 hounds
  2 jellies
  4 orc wizards
  A bullfrog skeleton (D:5)
  4 iguanas
  3 worker ants (D:6)
  A killer bee zombie (D:7)
  A hound skeleton (D:7)
  A worker ant zombie (D:4)
  6 adders
  4 gnolls
  A howler monkey skeleton (D:7)
  2 shadow imps
  An adder skeleton (D:6)
  3 worms
  2 dart slugs
  2 leopard geckos
  26 orcs
  3 ball pythons (D:4)
  3 bats
  5 giant cockroaches
  9 goblins
  12 hobgoblins
  11 jackals
  4 quokkas
  4 frilled lizards
  10 kobolds
  A leopard gecko zombie (D:4)
  2 quokka skeletons
  5 rats
164 creatures vanquished.

Vanquished Creatures (collateral kills)
  A howler monkey (D:6)
  A hound (D:6)
  An orc wizard (D:4)
  A hound skeleton (D:6)
  An orc (D:6)
5 creatures vanquished.

Grand Total: 169 creatures vanquished

Notes
Turn   | Place    | Note
-------+----------+-------------------------------------------
     0 | D:1      | Mesmaeker13 the Human Necromancer began the quest for the Orb.
     0 | D:1      | Reached XP level 1. HP: 13/13 MP: 3/3
   511 | D:1      | Reached XP level 2. HP: 19/19 MP: 3/5
  1002 | D:1      | Reached XP level 3. HP: 24/24 MP: 4/6
  1318 | D:2      | Found an ancient bone altar of Kikubaaqudgha.
  1395 | D:2      | Became a worshipper of Kikubaaqudgha
  1424 | D:2      | Learned a level 1 spell: Animate Skeleton
  1424 | D:2      | Found a white marble altar of Elyvilon.
  1626 | D:2      | Found a deep blue altar of Sif Muna.
  2254 | D:2      | Reached XP level 4. HP: 29/30 MP: 1/7
  2854 | D:2      | Found a faded altar of an unknown god.
  3411 | D:3      | Reached skill level 5 in Necromancy
  3416 | D:3      | Learned a level 3 spell: Vampiric Draining
  3443 | D:3      | Reached XP level 5. HP: 34/35 MP: 6/8
  4008 | D:3      | Found a stormy altar of Qazlal.
  4014 | D:3      | Found a glowing golden altar of the Shining One.
  4018 | D:3      | Found an ornate altar of the Wu Jian Council.
  4018 | D:3      | Found a sparkling altar of Nemelex Xobeh.
  4175 | D:4      | Reached * piety under Kikubaaqudgha
  4175 | D:4      | Identified Kikubaaqudgha's Collected Works on Evil Arts (Kikubaaqudgha gifted it to you on level 4 of the Dungeon)
  4175 | D:4      | Received a gift from Kikubaaqudgha
  4182 | D:4      | Learned a level 2 spell: Corpse Rot
  4225 | D:4      | Noticed an ogre
  4231 | D:4      | Killed an ogre
  4231 | D:4      | Reached XP level 6. HP: 38/41 MP: 2/10
  4240 | D:4      | Noticed an ogre
  4594 | D:4      | Noticed an orc warrior
  4755 | D:4      | Killed an ogre
  4755 | D:4      | Reached XP level 7. HP: 46/46 MP: 11/11
  4778 | D:5      | Entered Level 5 of the Dungeon
  4807 | D:5      | Reached skill level 5 in Dodging
  4807 | D:5      | Reached skill level 6 in Necromancy
  5187 | D:5      | Learned a level 1 spell: Magic Dart
  5376 | D:5      | Reached skill level 1 in Conjurations
  5443 | D:5      | Found a hide-covered altar of Uskayaw.
  5453 | D:5      | Reached XP level 8. HP: 37/52 MP: 5/13
  5468 | D:5      | Got a crystal mace
  5509 | D:5      | Identified the cursed +1 mace of Ettumi Pafe {crush, MP+9 Int+4} (You found it on level 5 of the Dungeon)
  5644 | D:5      | Found a shimmering altar of Xom.
  5873 | D:6      | Reached ** piety under Kikubaaqudgha
  5946 | D:6      | Learned a level 4 spell: Animate Dead
  6019 | D:6      | Reached skill level 1 in Fighting
  6080 | D:6      | Found a staircase to the Ecumenical Temple.
  6199 | D:6      | Reached skill level 7 in Necromancy
  6597 | Temple   | Entered the Ecumenical Temple
  6993 | D:6      | Reached XP level 9. HP: 39/63 MP: 15/15
  7186 | D:7      | Reached *** piety under Kikubaaqudgha
  7186 | D:7      | Identified Kikubaaqudgha's Compendium of Sinister Rituals (Kikubaaqudgha gifted it to you on level 7 of the Dungeon)
  7186 | D:7      | Received a gift from Kikubaaqudgha
  7853 | D:7      | Reached skill level 8 in Necromancy
  8464 | D:8      | Noticed alfred1011's ghost (novice MiBe)
  8525 | D:8      | Noticed a two-headed ogre
  9150 | D:8      | Found an iron altar of Okawaru.
  9159 | D:8      | Reached skill level 5 in Fighting
  9185 | D:8      | Noticed a two-headed ogre
  9216 | D:8      | HP: 2/68 [vampire mosquito (10)]
  9216 | D:8      | Slain by a vampire mosquito

Vault maps used:
D:1:      arrival_zaba_pyramid
D:2:      elyvilon_altar_5, lemuel_round_altar, lemuel_crystal_altar,
          first_bread, chequers_ecumenical_altar_grove,
          kennysheep_generic_room_16
D:3:      minitemple
D:4:      serial_undead, serial_undead_e, serial_undead_d, serial_undead_b,
          serial_undead_e
D:5:      xom_teletrap_fun, eat_drink_and_be_merry_uskayaw,
          hangedman_decor_clover_reticule
D:6:      temple_green
D:7:      grunt_ogre_cave
D:8:      okawaru_humans, kennysheep_mini_moat
Temple:   minmay_temple_curvy_loop

Skill      XL: |  1  2  3  4  5  6  7  8  9 |
---------------+----------------------------+-----
Dodging        | 3 4 5 6 7 |  7.6
Necromancy     | 5 6 7 8 |  8.6
Spellcasting   | 3 4 |  4.0
Conjurations   | 1 2 |  2.0
Fighting       | 3 5 |  5.2
Stealth        | |  2.0

Action                   |  1- 3 |  4- 6 |  7- 9 || total
-------------------------+-------+-------+-------++-------
Melee: Club              |     3 |       |       ||     3
       Dagger            |    21 |   100 |    33 ||   154
       Mace              |       |       |   165 ||   165
Throw: Throwing net      |       |       |     1 ||     1
 Cast: Pain              |    70 |    83 |   150 ||   303
       Animate Skeleton  |       |     8 |     6 ||    14
       Corpse Rot        |       |     1 |     7 ||     8
       Magic Dart        |       |       |     2 ||     2
       Animate Dead      |       |       |     8 ||     8
Evoke: Wand              |       |     4 |    21 ||    25
  Use: Scroll            |     1 |     6 |     9 ||    16
       Potion            |       |       |     1 ||     1
 Stab: Sleeping          |     1 |       |     2 ||     3
       Distracted        |       |       |     1 ||     1
       Paralysed         |       |       |     9 ||     9
  Eat: Chunk             |     4 |     6 |     8 ||    18
       Bread ration      |     1 |       |     2 ||     3
Armor: Robe              |     5 |    26 |    56 ||    87
Dodge: Dodged            |    25 |   114 |   276 ||   415
